[Event "Chinese Team-ch Men 2025"]
[Site "Zhang Jiakou Hebei"]
[Date "2025.04.30"]
[Round "6.9"]
[White "Li, Chao b"]
[Black "Xu, Xiangyu"]
[Result "1/2-1/2"]
[Annotator "ChessBase"]
[ECO "C42"]
[WhiteElo "2624"]
[BlackElo "2623"]
[PlyCount "75"]
[EventDate "2025.04.26"]
[EventType "team-tourn"]
[EventCountry "CHN"]
[SourceTitle "playchess.com"]
[Source "ChessBase"]
[SourceQuality "1"]
[TimeControl "5400+30"]

1. e4 e5 2. Nf3 Nf6 3. Nxe5 d6 4. Nf3 Nxe4 5. Nc3 Nxc3 6. dxc3 Be7 7. Be3 Nc6 8. Qd2 Be6 9. O-O-O Qd7 10. Kb1 Bf6 11. h4 O-O-O 12. Bg5 Qe7 13. Bxf6 Qxf6 14. Qg5 h6 15. Qxf6 gxf6 16. Nd4 Nxd4 17. cxd4 Rhg8 18. Kc1 f5 19. Kd2 Rde8 20. Re1 Kd8 21. a3 Bd7 22. Rxe8+ Kxe8 23. Ke3 Rg4 24. f3 f4+ 25. Kf2 Rg7 26. Bd3 f5 27. Re1+ Re7 28. Rxe7+ Kxe7 29. g3 Kf6 30. b4 fxg3+ 31. Kxg3 b6 32. c3 d5 33. Kf4 b5 34. Bc2 c6 35. Bd3 Bc8 36. Bc2 Bd7 37. Bd3 Bc8 38. Bc2 1/2-1/2

[Event "Chinese Team-ch Men 2025"]
[Site "Zhang Jiakou Hebei"]
[Date "2025.04.30"]
[Round "6.10"]
[White "Li, Di"]
[Black "Xiu, Deshun"]
[Result "0-1"]
[Annotator "ChessBase"]
[ECO "E17"]
[WhiteElo "2571"]
[BlackElo "2516"]
[PlyCount "110"]
[EventDate "2025.04.26"]
[EventType "team-tourn"]
[EventCountry "CHN"]
[SourceTitle "playchess.com"]
[Source "ChessBase"]
[SourceQuality "1"]
[TimeControl "5400+30"]

1. d4 Nf6 2. c4 e6 3. Nf3 b6 4. g3 Bb7 5. Bg2 Be7 6. O-O O-O 7. h4 h6 8. Nc3 Ne4 9. Bd2 f5 10. d5 Bf6 11. Qc2 Bxc3 12. Bxc3 exd5 13. cxd5 Bxd5 14. Rfd1 Bb7 15. b4 a5 16. b5 Qe7 17. Ne5 Kh7 18. Bb2 d6 19. Nd3 Ra7 20. Bh3 Nd7 21. Kh2 Ndc5 22. Nf4 Qf7 23. f3 Nf2 24. Rg1 Nxh3 25. Nxh3 Bc8 26. g4 Qe7 27. g5 h5 28. Nf4 g6 29. Nd5 Qe6 30. Nf6+ Rxf6 31. gxf6 Bd7 32. Rg5 Ra8 33. Rag1 Rg8 34. a4 Qe3 35. R1g2 Qf4+ 36. Kg1 Qxh4 37. Qd2 Be6 38. Bc1 Nb3 39. Qc3 Qd4+ 40. Qxd4 Nxd4 41. Kf2 Bf7 42. Rg1 Ne6 43. R5g2 Nc5 44. Be3 Nxa4 45. Bd4 Nc5 46. Bxc5 bxc5 47. Ra1 Ra8 48. Ke3 a4 49. Ra3 Bb3 50. Kf4 Kh6 51. e4 fxe4 52. fxe4 Rf8 53. e5 dxe5+ 54. Kxe5 Re8+ 55. Kf4 Re6 0-1

[Event "Chinese Team-ch Men 2025"]
[Site "Zhang Jiakou Hebei"]
[Date "2025.04.30"]
[Round "6.11"]
[White "Peng, Hongchi"]
[Black "Zhao, Yuanhe"]
[Result "1/2-1/2"]
[Annotator "ChessBase"]
[ECO "B42"]
[WhiteElo "2419"]
[BlackElo "2482"]
[PlyCount "70"]
[EventDate "2025.04.26"]
[EventType "team-tourn"]
[EventCountry "CHN"]
[SourceTitle "playchess.com"]
[Source "ChessBase"]
[SourceQuality "1"]
[TimeControl "5400+30"]

1. e4 c5 2. Nf3 a6 3. c4 e6 4. d4 cxd4 5. Nxd4 Qc7 6. Bd3 Nf6 7. O-O Nc6 8. Nxc6 dxc6 9. Be3 e5 10. h3 Be7 11. Nc3 O-O 12. Na4 Be6 13. Bb6 Qc8 14. c5 Nd7 15. Qe2 Bd8 16. Bxd8 Rxd8 17. Bc4 Bxc4 18. Qxc4 Qc7 19. Rfd1 Nf8 20. Nc3 Ne6 21. Ne2 Rxd1+ 22. Rxd1 Rd8 23. Rxd8+ Qxd8 24. Nc3 Qd2 25. Qb4 Qe1+ 26. Kh2 Qxf2 27. Qxb7 h6 28. Qxc6 h5 29. Qd6 Nd4 30. Qb8+ Kh7 31. Kh1 Qf1+ 32. Kh2 Qf4+ 33. Kh1 Nc2 34. Qd6 Qf1+ 35. Kh2 Qf4+ 1/2-1/2

[Event "Chinese Team-ch Men 2025"]
[Site "Zhang Jiakou Hebei"]
[Date "2025.04.30"]
[Round "6.12"]
[White "Jiang, Qinyu"]
[Black "Zhang, Di"]
[Result "1/2-1/2"]
[Annotator "ChessBase"]
[ECO "B48"]
[WhiteElo "2280"]
[BlackElo "2406"]
[PlyCount "105"]
[EventDate "2025.04.26"]
[EventType "team-tourn"]
[EventCountry "CHN"]
[SourceTitle "playchess.com"]
[Source "ChessBase"]
[SourceQuality "1"]
[TimeControl "5400+30"]

1. e4 c5 2. Nf3 e6 3. d4 cxd4 4. Nxd4 Nc6 5. Nc3 Qc7 6. Be3 a6 7. g4 b5 8. Nxc6 Qxc6 9. Qd2 b4 10. Ne2 Qxe4 11. Rg1 Qc4 12. Ng3 Qc7 13. O-O-O Nf6 14. Nh5 Bb7 15. Bb6 Qc6 16. Bd4 Nxh5 17. gxh5 Rg8 18. Bd3 g6 19. hxg6 hxg6 20. f4 Bc5 21. Be4 d5 22. Bxd5 Qxd5 23. Bxc5 Qxc5 24. Qd7+ Kf8 25. Qxb7 Kg7 26. Qe4 Rad8 27. Qe5+ Qxe5 28. fxe5 Rxd1+ 29. Kxd1 Rd8+ 30. Kc1 Rd4 31. Re1 g5 32. c3 bxc3 33. bxc3 Rh4 34. Re2 Kg6 35. Kc2 f5 36. exf6 Kxf6 37. Kd3 e5 38. c4 Kf5 39. Kc3 Rh3+ 40. Kb4 e4 41. c5 e3 42. c6 Ke4 43. Ka5 Kd3 44. c7 Rh8 45. Rxe3+ Kxe3 46. Kxa6 Kf3 47. a4 Kg2 48. Kb7 Kxh2 49. a5 g4 50. a6 g3 51. a7 g2 52. a8=Q Rxa8 53. Kxa8 1/2-1/2

[Event "Chinese Team-ch Men 2025"]
[Site "Zhang Jiakou Hebei"]
[Date "2025.04.30"]
[Round "6.13"]
[White "Xu, Yinglun"]
[Black "Xu, Minghui"]
[Result "1-0"]
[Annotator "ChessBase"]
[ECO "C84"]
[WhiteElo "2522"]
[BlackElo "2459"]
[PlyCount "103"]
[EventDate "2025.04.26"]
[EventType "team-tourn"]
[EventCountry "CHN"]
[SourceTitle "playchess.com"]
[Source "ChessBase"]
[SourceQuality "1"]
[TimeControl "5400+30"]

1. e4 e5 2. Nf3 Nc6 3. Bb5 Nf6 4. d3 d6 5. O-O Be7 6. c3 O-O 7. Re1 a6 8. Ba4 b5 9. Bc2 Re8 10. Nbd2 Bf8 11. a4 Bb7 12. b4 d5 13. exd5 Nxd5 14. Ne4 h6 15. Bb3 Kh8 16. Nfg5 Qd7 17. Qh5 Nd8 18. Nf3 f6 19. Bxh6 Qf7 20. Qxf7 Nxf7 21. Bd2 Red8 22. h3 Kg8 23. Nh4 Nb6 24. a5 Bd5 25. Bc2 Na4 26. Ng6 Nd6 27. Ng3 Bf7 28. Nxf8 Kxf8 29. Ne2 Bg6 30. Nc1 Nb2 31. Ra2 Nxd3 32. Bxd3 Bxd3 33. Nxd3 Nc4 34. Nc5 Nxd2 35. Ne6+ Kf7 36. Nxd8+ Rxd8 37. f3 Nc4 38. Raa1 g5 39. Rad1 Nd6 40. Rd5 Ke6 41. Red1 Rh8 42. Rc5 Kd7 43. Kh2 c6 44. c4 Kc7 45. cxb5 Nxb5 46. Rc4 Nd4 47. f4 gxf4 48. Rdxd4 exd4 49. Rxd4 f3 50. g4 c5 51. bxc5 f2 52. Rf4 1-0

[Event "Chinese Team-ch Men 2025"]
[Site "Zhang Jiakou Hebei"]
[Date "2025.04.30"]
[Round "6.14"]
[White "Chen, Yuan"]
[Black "Zhao, Chenxi"]
[Result "1/2-1/2"]
[Annotator "ChessBase"]
[ECO "E14"]
[WhiteElo "2286"]
[BlackElo "2453"]
[PlyCount "69"]
[EventDate "2025.04.26"]
[EventType "team-tourn"]
[EventCountry "CHN"]
[SourceTitle "playchess.com"]
[Source "ChessBase"]
[SourceQuality "1"]
[TimeControl "5400+30"]

1. d4 e6 2. c4 Nf6 3. Nf3 b6 4. e3 Bb7 5. Bd3 Be7 6. O-O O-O 7. Nbd2 d5 8. cxd5 exd5 9. Ne5 a6 10. Qf3 c5 11. Qh3 c4 12. Bc2 Bc8 13. Qf3 Ra7 14. Re1 Be6 15. Nf1 Nfd7 16. Nxd7 Rxd7 17. Ng3 b5 18. Bd2 g6 19. a3 Nc6 20. Ne2 f5 21. Nf4 Bf7 22. Qh3 Bd6 23. g3 Qc7 24. Qh6 Rb8 25. Nh5 gxh5 26. Bxf5 Be8 27. Be6+ Kh8 28. Bxd7 Qxd7 29. Qf6+ Kg8 30. Qg5+ Kh8 31. Qf6+ Kg8 32. Qg5+ Kh8 33. Qf6+ Kg8 34. Qg5+ Kh8 35. Qf6+ 1/2-1/2

[Event "Chinese Team-ch Men 2025"]
[Site "Zhang Jiakou Hebei"]
[Date "2025.04.30"]
[Round "6.15"]
[White "Wu, Yixing"]
[Black "Chen, Zhi"]
[Result "1-0"]
[Annotator "ChessBase"]
[ECO "A11"]
[WhiteElo "2406"]
[BlackElo "2094"]
[PlyCount "75"]
[EventDate "2025.04.26"]
[EventType "team-tourn"]
[EventCountry "CHN"]
[SourceTitle "playchess.com"]
[Source "ChessBase"]
[SourceQuality "1"]
[TimeControl "5400+30"]

1. Nf3 d5 2. g3 Nf6 3. Bg2 c6 4. c4 g6 5. b3 Bg7 6. Bb2 O-O 7. O-O Bf5 8. d3 Re8 9. Qc2 Nbd7 10. Nd4 e5 11. Nxf5 gxf5 12. cxd5 cxd5 13. Qd2 Qb6 14. Nc3 d4 15. Nb1 f4 16. Na3 Bh6 17. Nc4 Qe6 18. Qb4 Rab8 19. Nd2 Rec8 20. Rac1 fxg3 21. hxg3 Rxc1 22. Rxc1 Nb6 23. Rc2 Nbd5 24. Qa5 a6 25. Ne4 Ne3 26. Nxf6+ Qxf6 27. fxe3 Bxe3+ 28. Kh2 Bf2 29. Bc1 h5 30. Qd5 h4 31. g4 Bg3+ 32. Kh1 h3 33. Bxh3 Qh4 34. Kg2 Bf4 35. Qf3 Re8 36. Bxf4 exf4 37. Qxf4 Re3 38. Rc8+ 1-0

[Event "Chinese Team-ch Men 2025"]
[Site "Zhang Jiakou Hebei"]
[Date "2025.04.30"]
[Round "6.16"]
[White "Gao, Kai"]
[Black "Ren, Yibai"]
[Result "0-1"]
[Annotator "NA"]
[ECO "B41"]
[WhiteElo "1894"]
[BlackElo "2027"]
[PlyCount "84"]
[EventDate "2025.04.26"]
[EventType "team-tourn"]
[EventCountry "CHN"]
[SourceTitle "playchess.com"]
[Source "ChessBase"]
[SourceQuality "1"]
[TimeControl "5400+30"]

1. e4 c5 2. Nf3 a6 3. c4 e6 4. d4 cxd4 5. Nxd4 Nf6 6. Bd3 Nc6 7. Nc2 Be7 8. O-O Qc7 9. Nc3 Ne5 10. Ne3 Nxd3 11. Qxd3 b6 12. b3 Bb7 13. Rd1 O-O 14. Bb2 Rfd8 15. f3 h5 16. Rac1 h4 17. h3 Qf4 18. Ne2 Qh6 19. Bd4 b5 20. e5 bxc4 21. bxc4 Nh5 22. Ng4 Qg5 23. Be3 Qf5 24. Bb6 Rdb8 25. Qxd7 Bg5 26. Rc3 Bf4 27. Bc7 Rc8 28. Rb3 Qc2 29. Nxf4 Nxf4 30. Ne3 Qe2 31. Rd2 Rxc7 32. Qxc7 Qxd2 33. Qxb7 Qe1+ 34. Nf1 Rd8 35. Rb1 Ne2+ 36. Kh2 Qf2 37. Qb6 Rd4 38. Nd2 Nf4 39. Rg1 Rxd2 40. Qb8+ Kh7 41. Qb1+ g6 42. Qb7 Kg7 0-1

[Event "Chinese Team-ch Men 2025"]
[Site "Zhang Jiakou Hebei"]
[Date "2025.04.30"]
[Round "6.17"]
[White "Cao, Qingfeng"]
[Black "Wang, Yiye"]
[Result "1/2-1/2"]
[Annotator "ChessBase"]
[ECO "E05"]
[WhiteElo "2443"]
[BlackElo "2446"]
[PlyCount "86"]
[EventDate "2025.04.26"]
[EventType "team-tourn"]
[EventCountry "CHN"]
[SourceTitle "playchess.com"]
[Source "ChessBase"]
[SourceQuality "1"]
[TimeControl "5400+30"]

1. d4 Nf6 2. c4 e6 3. Nf3 d5 4. g3 Be7 5. Bg2 O-O 6. O-O dxc4 7. Qc2 a6 8. Qxc4 b5 9. Qc2 Bb7 10. Bd2 Ra7 11. Rc1 Be4 12. Qb3 Nc6 13. e3 Qa8 14. Qd1 b4 15. Be1 Bd5 16. Nbd2 Nb8 17. Rc2 Nbd7 18. Rac1 Rc8 19. Nh4 c5 20. Bxd5 Nxd5 21. Nb3 a5 22. e4 N5f6 23. f3 Rac7 24. Qe2 a4 25. Nxc5 Nxc5 26. dxc5 Rxc5 27. Ng2 Nd7 28. Bf2 Rxc2 29. Rxc2 Ne5 30. Ne1 h6 31. Kg2 Rxc2 32. Qxc2 Qa6 33. b3 axb3 34. axb3 Qc6 35. Qd2 Qb5 36. Bd4 Nc6 37. Be3 Bf6 38. Qd3 Qe5 39. Bf2 Qb2 40. Qc2 Qxc2 41. Nxc2 Na5 42. Nxb4 Nxb3 43. Nc6 Bc3 1/2-1/2

[Event "Chinese Team-ch Men 2025"]
[Site "Zhang Jiakou Hebei"]
[Date "2025.04.30"]
[Round "6.18"]
[White "Hou, Yifan b"]
[Black "Dong, Hongfu"]
[Result "1/2-1/2"]
[Annotator "ChessBase"]
[ECO "E11"]
[WhiteElo "2313"]
[BlackElo "2238"]
[PlyCount "107"]
[EventDate "2025.04.26"]
[EventType "team-tourn"]
[EventCountry "CHN"]
[SourceTitle "playchess.com"]
[Source "ChessBase"]
[SourceQuality "1"]
[TimeControl "5400+30"]

1. d4 Nf6 2. c4 e6 3. Nf3 d5 4. g3 Bb4+ 5. Bd2 a5 6. Bg2 O-O 7. Qc2 Bd6 8. O-O c6 9. Bg5 Nbd7 10. Nbd2 h6 11. Bxf6 Nxf6 12. e4 Be7 13. Rfd1 b6 14. Rac1 Bb7 15. Ne5 Rc8 16. a3 c5 17. exd5 exd5 18. dxc5 Bxc5 19. Qf5 Bd6 20. Nd3 Rc7 21. Ne1 Qc8 22. Qxc8 Rfxc8 23. Bh3 Re8 24. cxd5 Rxc1 25. Rxc1 Bxd5 26. Nd3 b5 27. Bg2 Be6 28. Bc6 Rb8 29. Nc5 Bh3 30. Ncb3 Be5 31. Nxa5 Bxb2 32. Rb1 Bc3 33. Nab3 Rb6 34. Bf3 Ra6 35. Be2 Rxa3 36. Bxb5 Ra2 37. Rd1 Bg4 38. f3 Bf5 39. Nf1 Be6 40. Nbd2 Bd5 41. Bc4 Ra5 42. Bxd5 Rxd5 43. Kf2 h5 44. Ke2 Re5+ 45. Kd3 Bb4 46. Rc1 h4 47. Rc8+ Kh7 48. Rc4 hxg3 49. hxg3 Rd5+ 50. Ke2 Bxd2 51. Nxd2 Re5+ 52. Kf2 Rd5 53. Ke2 Re5+ 54. Kf2 1/2-1/2

[Event "Chinese Team-ch Men 2025"]
[Site "Zhang Jiakou Hebei"]
[Date "2025.04.30"]
[Round "6.19"]
[White "Xia, Jinnan"]
[Black "Fan, Huifeng"]
[Result "1/2-1/2"]
[Annotator "ChessBase"]
[ECO "E15"]
[WhiteElo "1959"]
[BlackElo "2178"]
[PlyCount "71"]
[EventDate "2025.04.26"]
[EventType "team-tourn"]
[EventCountry "CHN"]
[SourceTitle "playchess.com"]
[Source "ChessBase"]
[SourceQuality "1"]
[TimeControl "5400+30"]

1. d4 Nf6 2. c4 e6 3. Nf3 b6 4. g3 Ba6 5. b3 Bb4+ 6. Bd2 Be7 7. Bg2 O-O 8. O-O d5 9. Ne5 Bb7 10. Nc3 Nbd7 11. f4 c5 12. e3 cxd4 13. exd4 Ne4 14. Nxe4 dxe4 15. Nxd7 Qxd7 16. Be3 f5 17. Qd2 Bf6 18. Rfd1 Rfd8 19. b4 Rac8 20. Bf1 Qe7 21. b5 Rd7 22. Qf2 Rcd8 23. Rd2 g5 24. Rad1 gxf4 25. Qxf4 Qg7 26. c5 bxc5 27. dxc5 Rxd2 28. Rxd2 Rxd2 29. Bxd2 Be5 30. Qf2 Bd5 31. c6 h5 32. Bf4 Bd4 33. Be3 Be5 34. Bf4 Bd4 35. Be3 Be5 36. Bf4 1/2-1/2

[Event "Chinese Team-ch Men 2025"]
[Site "Zhang Jiakou Hebei"]
[Date "2025.04.30"]
[Round "6.20"]
[White "Qu, Yanqiao"]
[Black "Pan, Xizhi"]
[Result "1/2-1/2"]
[Annotator "NA"]
[ECO "B38"]
[WhiteElo "1969"]
[BlackElo "1821"]
[PlyCount "63"]
[EventDate "2025.04.26"]
[EventType "team-tourn"]
[EventCountry "CHN"]
[SourceTitle "playchess.com"]
[Source "ChessBase"]
[SourceQuality "1"]
[TimeControl "5400+30"]

1. e4 c5 2. Nf3 g6 3. c4 Bg7 4. d4 cxd4 5. Nxd4 Nc6 6. Be3 Nf6 7. Nc3 O-O 8. Be2 Qa5 9. O-O d6 10. f3 Nxd4 11. Bxd4 Be6 12. Nd5 Bxd5 13. exd5 Nh5 14. f4 Bxd4+ 15. Qxd4 Ng7 16. Bd3 Rac8 17. b4 Qxb4 18. Rab1 Qa5 19. Rxb7 Rc7 20. Rb5 Qxa2 21. f5 Qd2 22. Rb2 Qg5 23. Rbf2 gxf5 24. Bxf5 Nxf5 25. Rxf5 Qg7 26. Qh4 f6 27. R5f3 Kh8 28. Rg3 Qf7 29. Qd4 Rg8 30. Ra3 Qh5 31. Rxa7 Rxa7 32. Qxa7 1/2-1/2

[Event "Chinese Team-ch Men 2025"]
[Site "Zhang Jiakou Hebei"]
[Date "2025.04.30"]
[Round "6.21"]
[White "Yu, Shi"]
[Black "Yu, Shaoteng"]
[Result "0-1"]
[Annotator "ChessBase"]
[ECO "A46"]
[WhiteElo "1973"]
[BlackElo "2480"]
[PlyCount "112"]
[EventDate "2025.04.26"]
[EventType "team-tourn"]
[EventCountry "CHN"]
[SourceTitle "playchess.com"]
[Source "ChessBase"]
[SourceQuality "1"]
[TimeControl "5400+30"]

1. d4 e6 2. Nf3 Nf6 3. g3 d5 4. Bg2 b5 5. O-O Bb7 6. a4 b4 7. c4 bxc3 8. bxc3 c5 9. Ba3 Nbd7 10. Nbd2 Be7 11. Qc2 Rc8 12. Qd3 O-O 13. Rfb1 Qc7 14. e3 Rfe8 15. Rb2 Ne4 16. Nxe4 dxe4 17. Qb1 Bc6 18. Nd2 f5 19. Bf1 Nb6 20. Bb5 Bxb5 21. Rxb5 cxd4 22. cxd4 Bxa3 23. Rxa3 Qc1+ 24. Qxc1 Rxc1+ 25. Kg2 Rc2 26. Nf1 Rec8 27. a5 Nd5 28. Rab3 R8c7 29. Rb2 a6 30. Rb8+ Kf7 31. Rxc2 Rxc2 32. Ra8 Nb4 33. Rb8 Nd3 34. Rb6 Rxf2+ 35. Kg1 Ra2 36. Rxa6 Ne1 37. Kh1 Nf3 38. Rb6 Rxa5 39. Rb2 Ra1 40. Kg2 Ne1+ 41. Kg1 Kf6 42. h3 g5 43. Rf2 Ke7 44. Rb2 Kd6 45. Rf2 Kd5 46. Re2 Kc4 47. Kf2 Nd3+ 48. Kg2 Kc3 49. Kg1 h6 50. Kg2 h5 51. Kg1 g4 52. hxg4 hxg4 53. Kg2 Rc1 54. Kg1 Rc2 55. Rxc2+ Kxc2 56. Kg2 Kd1 0-1

[Event "Chinese Team-ch Men 2025"]
[Site "Zhang Jiakou Hebei"]
[Date "2025.04.30"]
[Round "6.22"]
[White "Jiang, Haochen"]
[Black "Liu, Junyi"]
[Result "1-0"]
[Annotator "ChessBase"]
[ECO "E73"]
[WhiteElo "2441"]
[BlackElo "1714"]
[PlyCount "39"]
[EventDate "2025.04.26"]
[EventType "team-tourn"]
[EventCountry "CHN"]
[SourceTitle "playchess.com"]
[Source "ChessBase"]
[SourceQuality "1"]
[TimeControl "5400+30"]

1. c4 Nf6 2. Nc3 g6 3. d4 Bg7 4. e4 d6 5. Be2 O-O 6. Be3 e5 7. d5 a5 8. g4 Na6 9. g5 Ne8 10. h4 f5 11. f3 Nc5 12. Qc2 f4 13. Bf2 c6 14. O-O-O Na6 15. c5 Qc7 16. h5 gxh5 17. dxc6 Nxc5 18. Nd5 Qf7 19. Bxc5 dxc5 20. Nb6 1-0

[Event "Chinese Team-ch Men 2025"]
[Site "Zhang Jiakou Hebei"]
[Date "2025.04.30"]
[Round "6.23"]
[White "Fang, Zelong"]
[Black "Chen, KaiLin"]
[Result "0-1"]
[Annotator "ChessBase"]
[ECO "C01"]
[WhiteElo "1633"]
[BlackElo "2329"]
[PlyCount "104"]
[EventDate "2025.04.26"]
[EventType "team-tourn"]
[EventCountry "CHN"]
[SourceTitle "playchess.com"]
[Source "ChessBase"]
[SourceQuality "1"]
[TimeControl "5400+30"]

1. e4 e6 2. d4 d5 3. exd5 exd5 4. Bd3 Bd6 5. Nf3 Nc6 6. c3 Nge7 7. O-O Bg4 8. Re1 Qd7 9. Be3 f6 10. Nbd2 O-O-O 11. b4 Rde8 12. Qa4 Kb8 13. b5 Nd8 14. c4 dxc4 15. Qxc4 Be6 16. Qa4 Nd5 17. Ne4 Bf5 18. Nxd6 cxd6 19. Qb3 Bxd3 20. Qxd3 g5 21. a4 h5 22. Qb3 Qf5 23. Qb1 Qxb1 24. Raxb1 Ne6 25. g3 Ng7 26. Nd2 Nf5 27. Nf1 Re6 28. Bd2 Nxd4 29. Rxe6 Nxe6 30. Re1 Nc5 31. Ne3 Nxe3 32. Rxe3 Kc8 33. Rf3 Kd7 34. Bc3 Nxa4 35. Bd4 Rf8 36. Bxa7 Nc5 37. Rc3 Ne4 38. Rd3 Rc8 39. Be3 Ke6 40. Ra3 d5 41. Ra7 Nd6 42. b6 Rc4 43. Kf1 d4 44. Bd2 Rc6 45. Ra4 Kd5 46. f4 Nc4 47. Be1 gxf4 48. gxf4 Rxb6 49. Ra8 Ke4 50. Re8+ Kf3 51. Rd8 Ne3+ 52. Kg1 Rb1 0-1

[Event "Chinese Team-ch Men 2025"]
[Site "Zhang Jiakou Hebei"]
[Date "2025.04.30"]
[Round "6.25"]
[White "Chen, Qi b"]
[Black "Lin, Weiguo"]
[Result "1-0"]
[Annotator "ChessBase"]
[ECO "B44"]
[WhiteElo "2482"]
[BlackElo "2382"]
[PlyCount "87"]
[EventDate "2025.04.26"]
[EventType "team-tourn"]
[EventCountry "CHN"]
[SourceTitle "playchess.com"]
[Source "ChessBase"]
[SourceQuality "1"]
[TimeControl "5400+30"]

1. e4 c5 2. Nf3 e6 3. d4 cxd4 4. Nxd4 Nc6 5. Bf4 d6 6. Bb5 Bd7 7. Nxc6 bxc6 8. Bd3 e5 9. Bd2 Nf6 10. c4 Be7 11. O-O O-O 12. Nc3 Be6 13. Re1 a5 14. Qc2 Nd7 15. Rad1 Nc5 16. b3 Bd7 17. Be3 Qc7 18. Bf1 Rab8 19. Qc1 Be6 20. h3 Rfe8 21. Re2 Bf8 22. Red2 h6 23. g3 Bc8 24. Bg2 Ne6 25. f4 exf4 26. gxf4 Qe7 27. f5 Nc5 28. Bf4 Qa7 29. Kh1 a4 30. bxa4 Rb4 31. Bxd6 Rxc4 32. Bxf8 Rxf8 33. f6 Qa5 34. fxg7 Kxg7 35. Rc2 Kh7 36. Bf1 Rxc3 37. Rxc3 Nxe4 38. Bd3 Bf5 39. Qf4 Bg6 40. Rcc1 Re8 41. Kh2 Qxa4 42. Rc2 Qa3 43. Rg2 f5 44. Bxe4 1-0

[Event "Chinese Team-ch Men 2025"]
[Site "Zhang Jiakou Hebei"]
[Date "2025.04.30"]
[Round "6.26"]
[White "Yu, Zhe"]
[Black "Chen, Hongsen"]
[Result "1/2-1/2"]
[Annotator "ChessBase"]
[ECO "B12"]
[WhiteElo "1837"]
[BlackElo "2402"]
[PlyCount "79"]
[EventDate "2025.04.26"]
[EventType "team-tourn"]
[EventCountry "CHN"]
[SourceTitle "playchess.com"]
[Source "ChessBase"]
[SourceQuality "1"]
[TimeControl "5400+30"]

1. e4 c6 2. d4 d5 3. f3 e6 4. Nc3 Bb4 5. Bd2 Ne7 6. Bd3 c5 7. a3 Bxc3 8. Bxc3 c4 9. Be2 Nbc6 10. a4 Ng6 11. Nh3 dxe4 12. fxe4 e5 13. dxe5 Bxh3 14. Qxd8+ Rxd8 15. gxh3 Ngxe5 16. Kf2 f6 17. Rad1 Ke7 18. Rd5 Rd6 19. Rhd1 Rhd8 20. Ke3 a6 21. b3 cxb3 22. cxb3 Ke6 23. Bc4 Nxc4+ 24. bxc4 R6d7 25. R1d2 Ne7 26. Ba5 Nxd5+ 27. exd5+ Ke5 28. Bxd8 Rxd8 29. Rb2 Rd7 30. Kd3 Re7 31. Re2+ Kd6 32. c5+ Kd7 33. Rb2 Kc8 34. d6 Re5 35. Kd4 Re1 36. Kd5 Re5+ 37. Kd4 Re1 38. Kd5 Re5+ 39. Kc4 Re3 40. Kd5 1/2-1/2

[Event "Chinese Team-ch Men 2025"]
[Site "Zhang Jiakou Hebei"]
[Date "2025.04.30"]
[Round "6.27"]
[White "Jin, Hongtao"]
[Black "Zhai, Bugong"]
[Result "1-0"]
[Annotator "ChessBase"]
[ECO "B69"]
[WhiteElo "2343"]
[BlackElo "1661"]
[PlyCount "69"]
[EventDate "2025.04.26"]
[EventType "team-tourn"]
[EventCountry "CHN"]
[SourceTitle "playchess.com"]
[Source "ChessBase"]
[SourceQuality "1"]
[TimeControl "5400+30"]

1. e4 c5 2. Nf3 d6 3. d4 cxd4 4. Nxd4 Nf6 5. Nc3 Nc6 6. Bg5 e6 7. Qd2 a6 8. O-O-O Bd7 9. f4 Be7 10. Nf3 b5 11. Bxf6 gxf6 12. f5 Qb6 13. Kb1 O-O-O 14. g3 h5 15. Bh3 Kb8 16. fxe6 fxe6 17. Ne2 Ne5 18. Nfd4 Nc4 19. Qd3 d5 20. exd5 e5 21. Bxd7 exd4 22. Be6 Ne3 23. Nxd4 Nxd1 24. Rxd1 Bc5 25. Nc6+ Qxc6 26. dxc6 Rxd3 27. cxd3 Bd4 28. Re1 Kc7 29. Bd7 Rg8 30. Re7 Rg5 31. Be8+ Kc8 32. Bf7 Rc5 33. Be6+ Kd8 34. Rd7+ Ke8 35. Rxd4 1-0

[Event "Chinese Team-ch Men 2025"]
[Site "Zhang Jiakou Hebei"]
[Date "2025.04.30"]
[Round "6.29"]
[White "Wan, Yunguo"]
[Black "Fan, Yupan"]
[Result "1-0"]
[Annotator "ChessBase"]
[ECO "B60"]
[WhiteElo "2500"]
[BlackElo "1527"]
[PlyCount "61"]
[EventDate "2025.04.26"]
[EventType "team-tourn"]
[EventCountry "CHN"]
[SourceTitle "playchess.com"]
[Source "ChessBase"]
[SourceQuality "1"]
[TimeControl "5400+30"]

1. e4 c5 2. Nf3 d6 3. d4 cxd4 4. Nxd4 Nf6 5. Nc3 Nc6 6. Bg5 e5 7. Bxf6 gxf6 8. Nf5 Bxf5 9. exf5 Nd4 10. Bc4 Rc8 11. Bb3 Qa5 12. O-O h5 13. Nd5 Be7 14. c3 Nc6 15. Qf3 Kd7 16. Rad1 Rcg8 17. Rd3 Rg4 18. Re1 Rhg8 19. g3 Qd8 20. h3 R4g5 21. Red1 Bf8 22. Ne3 Qe8 23. Qe4 Kc8 24. Nc4 Kb8 25. Nxd6 Bxd6 26. Rxd6 Qf8 27. Rd7 Qg7 28. R1d3 Rf8 29. Ba4 Rc8 30. Bxc6 Rxc6 31. Rd8+ 1-0

[Event "Chinese Team-ch Men 2025"]
[Site "Zhang Jiakou Hebei"]
[Date "2025.04.30"]
[Round "6.33"]
[White "Gong, Changda"]
[Black "Ma, Lin"]
[Result "1/2-1/2"]
[Annotator "ChessBase"]
[ECO "A20"]
[WhiteElo "2131"]
[BlackElo "2221"]
[PlyCount "65"]
[EventDate "2025.04.26"]
[EventType "team-tourn"]
[EventCountry "CHN"]
[SourceTitle "playchess.com"]
[Source "ChessBase"]
[SourceQuality "1"]
[TimeControl "5400+30"]

1. c4 e5 2. g3 Nf6 3. Bg2 c6 4. Nf3 e4 5. Nd4 d5 6. cxd5 Qxd5 7. e3 Bc5 8. d3 Bxd4 9. exd4 Qxd4 10. dxe4 Qxd1+ 11. Kxd1 Be6 12. Nc3 Na6 13. b3 Nb4 14. f3 a5 15. Ke2 O-O 16. Na4 Nd7 17. Be3 f5 18. Nc5 Nxc5 19. Bxc5 Rfe8 20. a3 Na6 21. b4 fxe4 22. fxe4 axb4 23. axb4 Rad8 24. Ke3 Bb3 25. Rab1 Ba2 26. Rbd1 Bb3 27. Rd6 Nc7 28. Rb1 Be6 29. Rbd1 Ra8 30. R6d4 Ra3+ 31. R1d3 Ra2 32. Rd2 Ra3+ 33. R2d3 1/2-1/2

[Event "Chinese Team-ch Men 2025"]
[Site "Zhang Jiakou Hebei"]
[Date "2025.04.30"]
[Round "6.34"]
[White "Sun, Chao"]
[Black "Qu, Haoming"]
[Result "1-0"]
[Annotator "ChessBase"]
[ECO "D00"]
[WhiteElo "2211"]
[BlackElo "2066"]
[PlyCount "91"]
[EventDate "2025.04.26"]
[EventType "team-tourn"]
[EventCountry "CHN"]
[SourceTitle "playchess.com"]
[Source "ChessBase"]
[SourceQuality "1"]
[TimeControl "5400+30"]

1. d4 d5 2. Bf4 c6 3. e3 Qb6 4. Qc1 Bf5 5. Nd2 e6 6. Ngf3 Nd7 7. c4 Ngf6 8. c5 Qd8 9. b4 h6 10. h3 g5 11. Bh2 Bg7 12. Be2 Ne4 13. a4 O-O 14. O-O g4 15. hxg4 Bxg4 16. Re1 f5 17. b5 Nxd2 18. Qxd2 Bxf3 19. Bxf3 e5 20. bxc6 bxc6 21. Rab1 Rb8 22. dxe5 Nxe5 23. Be2 Qc7 24. Qc2 Qa5 25. Rec1 Rb4 26. Rxb4 Qxb4 27. Rb1 Qa3 28. Bf4 a5 29. g3 Kh8 30. Kg2 Ng6 31. Bd6 Rf7 32. Bd3 Qc3 33. Rb8+ Kh7 34. Bxf5 Qxc2 35. Bxc2 d4 36. f4 Bf6 37. e4 Be7 38. e5 Bxd6 39. cxd6 Kg7 40. Bxg6 Kxg6 41. e6 Rg7 42. e7 d3 43. e8=Q+ Kh7 44. f5 Rxg3+ 45. Kxg3 d2 46. Qh8# 1-0

[Event "Chinese Team-ch Men 2025"]
[Site "Zhang Jiakou Hebei"]
[Date "2025.05.01"]
[Round "7.1"]
[White "Wen, Yang"]
[Black "Xu, Yinglun"]
[Result "1/2-1/2"]
[Annotator "ChessBase"]
[ECO "E39"]
[WhiteElo "2572"]
[BlackElo "2522"]
[PlyCount "50"]
[EventDate "2025.04.26"]
[EventType "team-tourn"]
[EventCountry "CHN"]
[SourceTitle "playchess.com"]
[Source "ChessBase"]
[SourceQuality "1"]
[TimeControl "5400+30"]

1. d4 Nf6 2. c4 e6 3. Nc3 Bb4 4. Qc2 c5 5. dxc5 O-O 6. a3 Bxc5 7. Nf3 d5 8. cxd5 exd5 9. Bg5 Be6 10. e3 h6 11. Bh4 Nc6 12. Rd1 d4 13. Bxf6 Qxf6 14. Ne4 Qg6 15. Qxc5 Qxe4 16. Bd3 Qd5 17. exd4 b6 18. Qb5 a6 19. Qxb6 Bg4 20. O-O Bxf3 21. gxf3 Qxf3 22. d5 Qg4+ 23. Kh1 Qf3+ 24. Kg1 Qg4+ 25. Kh1 Qf3+ 1/2-1/2